 Dungeon Crawl Stone Soup version 0.23.2-33-g5129a83184 (webtiles) character file.

Game seed: 3916796112994080170

68 Atelerd the Magician (level 4, 0/27 HPs)
             Began as an Octopode Wizard on July 16, 2019.
             Slain by a giant cockroach (1 damage)
             ... on level 2 of the Dungeon.
             The game lasted 00:01:50 (1532 turns).

Atelerd the Magician (Octopode Wizard)              Turns: 1532, Time: 00:01:51

Health: 0/27       AC:  1    Str:  6    XL:     4   Next: 19%
Magic:  9/9        EV: 13    Int: 21    God:
Gold:   44         SH:  0    Dex: 10    Spells: 9/10 levels left

rFire    + . .     SeeInvis .   g - +2 dagger (vamp)
rCold    + . .     Gourm    .   (no shield)
rNeg     . . .     Faith    .   a - +0 hat
rPois    +         Spirit   .   (no amulet)
rElec    +         Reflect  .   (no ring)
rCorr    +         Harm     .   (no ring)
MR       .....                  (no ring)
Stlth    +++.......             (no ring)
HPRegen  0.09/turn              (no ring)
MPRegen  0.11/turn              (no ring)
                                (no ring)
                                (no ring)

@: lethally poisoned (0 -> -3), resistant
A: almost no armour, stealthy swim, amphibious, 8 rings, constrict 8, camouflage
1, gelatinous body 1
a: no special abilities


You were on level 2 of the Dungeon.
You were very hungry.

You visited 1 branch of the dungeon, and saw 2 of its levels.

You collected 44 gold pieces.

Inventory:

Hand Weapons
 g - a +2 vampiric dagger (weapon)
 i - a +2 dagger of freezing
Armour
 a - a +0 hat (worn)
Jewellery
 c - an uncursed amulet of faith
Scrolls
 b - 3 scrolls of identify {unknown}
 e - a scroll of fog {unknown}
 f - a scroll of teleportation {unknown}
 h - a scroll of remove curse {unknown}


   Skills:
 - Level 2.0 Dodging
 - Level 2.6 Stealth
 + Level 3.5 Spellcasting
 * Level 3.2 Conjurations
   Level 1.0 Summonings
   Level 1.0 Translocations


You had 9 spell levels left.
You knew the following spells:

 Your Spells              Type           Power        Failure   Level  Hunger
a - Magic Dart            Conj           ###.         3%          1    None

Your spell library contained the following spells:

 Spells                   Type           Power        Failure   Level  Hunger
 Blink                    Tloc           N/A          13%         2    ##.....
 Call Imp                 Summ           #.......     13%         2    ##.....
 Slow                     Hex            #.......     19%         2    ##.....
 Conjure Flame            Conj/Fire      ##......     19%         3    ###....
 Mephitic Cloud           Conj/Pois/Air  #.......     24%         3    ###....


Dungeon Overview and Level Annotations

Branches:
Dungeon (2/15)

Altars:


Innate Abilities, Weirdness & Mutations

You cannot wear most types of armour.
You are very stealthy in the water. (Stealth+)
You are amphibious.
You can wear up to eight rings at the same time.
You can use your tentacles to constrict eight enemies at once.
Your skin changes colour to match your surroundings (Stealth+).
Your rubbery body absorbs attacks. (AC +1, EV +1)


Message History

A gnoll sergeant comes into view. It is wielding a +0 trident.
You are feeling very hungry.
The bat misses you. The hobgoblin closely misses you.
Unknown command.
It was a potion of magic.
Magic courses through your body.
You feel sick. The bat closely misses you.
A rat comes into view.
The giant cockroach barely misses you. The bat misses you.
The kobold hits you but does no damage. The hobgoblin closely misses you.
It was a potion of resistance.
You feel protected.
The gnoll sergeant shouts!
You hear a shout! x2
The bat hits you.
* * * LOW HITPOINT WARNING * * *
The giant cockroach bites you.
* * * LOW HITPOINT WARNING * * *
The kobold barely misses you. The hobgoblin hits you with a +0 club.
* * * LOW HITPOINT WARNING * * *
The giant cockroach bites you.
You die...

.. .
#.#.###.#######. ##
#.#........##.. ..#
..........##.s♣..##
###........##.♣_♣..#
.r.#...b...##..♣...#
#g.......##......#
.###...gK.(.....#..#
.......@s†.####....#
......###### #.####
.#### #.#######.
#.........
#........#
########..#####.#
......(...# ##.#
########..# #...
#..# #...


You could see a gnoll sergeant, a giant cockroach, a hobgoblin, a bat, a kobold
and a rat (wandering).

Vanquished Creatures
  2 adders (D:2)
  A worm (D:2)
  A dart slug (D:1)
  4 giant cockroaches (D:1)
  4 goblins
  5 hobgoblins (D:1)
  4 jackals (D:1)
  2 ball pythons (D:1)
  5 bats
  A frilled lizard (D:1)
  6 kobolds
  9 rats
44 creatures vanquished.

Notes
Turn   | Place    | Note
-------+----------+-------------------------------------------
     0 | D:1      | Atelerd the Octopode Wizard began the quest for the Orb.
     0 | D:1      | Reached XP level 1. HP: 11/11 MP: 4/4
   517 | D:1      | Reached XP level 2. HP: 14/17 MP: 6/6
   960 | D:1      | Reached XP level 3. HP: 16/21 MP: 7/7
  1395 | D:2      | Reached XP level 4. HP: 27/27 MP: 9/9
  1518 | D:2      | Found a faded altar of an unknown god.
  1530 | D:2      | Noticed a gnoll sergeant
  1532 | D:2      | HP: 1/27 [hobgoblin/+0 club (3)]
  1532 | D:2      | Slain by a giant cockroach

Skill      XL: |  1  2  3 |
---------------+----------+-----
Conjurations   | 2 3 |  3.2
Dodging        | |  2.0
Stealth        | |  2.6
Spellcasting   | |  3.5
Summonings     | |  1.0
Translocations | |  1.0

Action                   |  1- 3 |  4- 6 || total
-------------------------+-------+-------++-------
Melee: Unarmed           |    28 |       ||    28
       Constrict         |    19 |     1 ||    20
       Tentacles         |     8 |       ||     8
       Dagger            |    52 |     2 ||    54
 Cast: Magic Dart        |    32 |     3 ||    35
  Use: Potion            |       |     2 ||     2
 Stab: Sleeping          |     7 |       ||     7
  Eat: Chunk             |     2 |       ||     2
       Ration            |     1 |       ||     1
Armor: Skin              |     9 |     3 ||    12
Dodge: Dodged            |    54 |    17 ||    71
